[Event "Early-Titled-Tuesday-Blitz-February-27-2024"]
[Site "Chess.com"]
[Date "2024.02.27"]
[Round "3"]
[White "Kotlyar_K"]
[Black "ViktoriyaTarasova"]
[Result "1-0"]
[WhiteElo "2569"]
[BlackElo "2308"]
[TimeControl "180+1"]
[EndTime "8:27:54 PST"]
[Termination "Kotlyar_K won on time"]

1. d4 Nf6 2. c4 e6 3. Nc3 Bb4 4. e3 O-O 5. Bd2 d5 6. Nf3 dxc4 7. Bxc4 c5 8. a3 Bxc3 9. Bxc3 Ne4 10. Rc1 Nxc3 11.
Rxc3 cxd4 12. Nxd4 a6 13. O-O e5 14. Nf3 Qe7 15.
Qc2 Nc6 16. Bd5 Bd7 17. Rd1 Kh8 18. b4 f5 19. Rc5 Rac8 20. Qb2 e4 21. Bxc6 Bxc6 22.
Nd4 Ba4 23. Nxf5 Qg5 24. h4 Qg6 25. Ne7 Qg4 26. Rdd5 1-0

[Event "Early-Titled-Tuesday-Blitz-February-27-2024"]
[Site "Chess.com"]
[Date "2024.02.27"]
[Round "3"]
[White "viktorgen2021"]
[Black "NowInChess"]
[Result "1-0"]
[WhiteElo "2508"]
[BlackElo "2273"]
[TimeControl "180+1"]
[EndTime "8:27:54 PST"]
[Termination "viktorgen2021 won on time"]

1. d4 Nf6 2. Nf3 g6 3. g3 d6 4. Bg2 Bg7 5. a4 a5 6. O-O O-O 7. Nc3 Bf5 8. Ne1 d5 9. Nd3 Bxd3 10. cxd3 c6 11. e4 e6 12. Re1 Na6 13. Be3 Qb6 14. Rb1 Rac8 15. b3 Nb4 16. h3 Nd7 17. e5 Qa6 18.
Bf1 Qb6 19. h4 h5 20. g4 hxg4 21. Qxg4 Nc2 22. Re2 Nxe3 23. fxe3 Qb4 24. Na2 Qe7 25. Bh3 c5 26. Rf1 cxd4 27. exd4 Rfe8 28. Ref2 Rf8 29. h5 gxh5 30. Qxh5 f5 31. exf6 Rxf6 32. Rxf6 Nxf6 33. Qg6 Qf7 34. Qg5 Rf8 35. Nc3 1-0

[Event "Early-Titled-Tuesday-Blitz-February-27-2024"]
[Site "Chess.com"]
[Date "2024.02.27"]
[Round "3"]
[White "yuriydovzik"]
[Black "Happy1712Drummer"]
[Result "0-1"]
[WhiteElo "2122"]
[BlackElo "2399"]
[TimeControl "180+1"]
[EndTime "8:27:54 PST"]
[Termination "Happy1712Drummer won by resignation"]

1. b3 e5 2. Bb2 d6 3. c4 Nf6 4. e3 Bf5 5. d4 exd4 6. exd4 Be7 7. Nf3 O-O 8. Bd3 Bg6 9. Bxg6 fxg6 10. O-O d5 11. c5 c6 12. Nbd2 Nbd7 13. b4 Qc7 14.
Qb3 a6 15. Ne5 Rae8 16. f4 Kh8 17. Qh3 Nxe5 18. dxe5 Nd7 19. Nb3 b6 20. Nd4 bxc5 21. Ne6 Qa7 22. Nxf8 cxb4+ 23. Kh1 Rxf8 24. f5 d4 25.
Bxd4 Qxd4 26. Rfd1 Qxe5 27. fxg6 h6 28. Qxd7 Bd6 29.
Rxd6 Qxa1+ 30. Rd1 Rf1+ 0-1

[Event "Early-Titled-Tuesday-Blitz-February-27-2024"]
[Site "Chess.com"]
[Date "2024.02.27"]
[Round "3"]
[White "SahibSinghKnight"]
[Black "starworld123"]
[Result "0-1"]
[WhiteElo "2561"]
[BlackElo "2837"]
[TimeControl "180+1"]
[EndTime "8:27:55 PST"]
[Termination "starworld123 won by resignation"]

1. e4 d6 2. d4 Nf6 3. Nc3 g6 4. Bg5 Bg7 5. Qd2 Nbd7 6. O-O-O h6 7. Bh4 g5 8. Bg3 Nh5 9. Nf3 e6 10. Qe1 a6 11. d5 Nxg3 12. hxg3 Qe7 13. Nd4 Nc5 14. Be2 Bxd4 15. Rxd4 e5 16. Rd1 Bd7 17. Rh2 O-O-O 18. b4 Na4 19. Nxa4 Bxa4 20. Qc3 Qf6 21. Qf3 Qg6 22. Rdh1 Bd7 23. g4 Kb8 24. Qe3 c6 25.
Bxa6 cxd5 26. Qb6 Bc8 27. Rh3 Qxe4 28. Rc3 Rd7 29. Bb5 Qxb4 30. Rb3 Qf4+ 31. Kb1 Rc7 32. Ra3 Qd4 33. Rb3 Qxb6 0-1

[Event "Early-Titled-Tuesday-Blitz-February-27-2024"]
[Site "Chess.com"]
[Date "2024.02.27"]
[Round "3"]
[White "GatoRojo150"]
[Black "JJDAREK"]
[Result "0-1"]
[WhiteElo "2577"]
[BlackElo "2413"]
[TimeControl "180+1"]
[EndTime "8:27:56 PST"]
[Termination "JJDAREK won on time"]

1. e4 d6 2. d4 g6 3. Nc3 Bg7 4. Bc4 Nc6 5. Nf3 Nf6 6. Qe2 Bg4 7. e5 Nxd4 8. Bxf7+ Kxf7 9. Qc4+ d5 10. Qxd4 Bxf3 11. gxf3 Nh5 12. f4 e6 13. Be3 Rf8 14. f5 exf5 15. O-O-O c6 16. Rhg1 Kg8 17. f4 Qe7 18. Kb1 Rfd8 19. Qd3 b6 20. Qe2 Qe6 21.
Qf3 Rd7 22. Rg5 Rad8 23. Ne2 c5 24. Rxh5 gxh5 25. Ng3 d4 26. Bc1 d3 27. cxd3 c4 28.
Nxh5 Rxd3 29. Qg2 Qg6 30. Rxd3 cxd3 31. Qf3 d2 32. Bxd2 Rxd2 33. Qa8+ Bf8 34. Ng3 Qe6 35.
a3 Qd5 0-1

[Event "Early-Titled-Tuesday-Blitz-February-27-2024"]
[Site "Chess.com"]
[Date "2024.02.27"]
[Round "3"]
[White "Zavgorodniy_Sergiy"]
[Black "GreenPeach24"]
[Result "1-0"]
[WhiteElo "2635"]
[BlackElo "2448"]
[TimeControl "180+1"]
[EndTime "8:27:57 PST"]
[Termination "Zavgorodniy_Sergiy won by checkmate"]

1. d4 Nf6 2. c4 e6 3. Nf3 d5 4. e3 c6 5. Nbd2 Nbd7 6. Bd3 Bd6 7. O-O O-O 8. e4 dxe4 9. Nxe4 Nxe4 10. Bxe4 Nf6 11.
Bc2 c5 12. b3 b6 13. Bb2 Bb7 14. Ne5 Qc7 15. Qe2 Rad8 16. Rad1 cxd4 17. Bxd4 Bc5 18. Bc3 Qe7 19. Rxd8 Rxd8 20. Rd1 Rxd1+ 21. Qxd1 Ne4 22. Bd4 Qd6 23. Bxc5 Qxd1+ 24. Bxd1 Nxc5 25. b4 Na6 26. a3 f6 27. Nd3 e5 28. f3 Kf7 29. Kf2 Ke7 30.
Ke3 Kd6 31. Bc2 g6 32. h4 Bc8 33. Nf2 f5 34. g3 Be6 35. Bd3 Nb8 36. Nd1 h6 37. Nc3 a6 38. Na4 Nd7 39. Nxb6 Nxb6 40. c5+ Kc7 41. cxb6+ Kxb6 42. Be2 a5 43. f4 e4 44. Kd4 axb4 45. axb4 Bf7 46. h5 gxh5 47. Ke5 Be8 48. Kxf5 e3 49. Ke4 Kc6 50. Kxe3 Kd6 51.
Kd4 Ke6 52. Bd3 h4 53. gxh4 Kf6 54. b5 Bxb5 55. Bxb5 Kf5 56. Ke3 Kg4 57. Ke4 Kxh4 58. f5 Kg5 59. Ke5 h5 60. f6 Kg6 61. Ke6 h4 62. f7 Kg7 63. Ke7 h3 64. f8=Q+ Kg6 65.
Bd3+ Kg5 66. Qf5+ Kh6 67. Qg6# 1-0

[Event "Early-Titled-Tuesday-Blitz-February-27-2024"]
[Site "Chess.com"]
[Date "2024.02.27"]
[Round "3"]
[White "baki83"]
[Black "JonSnowNW1"]
[Result "1-0"]
[WhiteElo "2841"]
[BlackElo "2516"]
[TimeControl "180+1"]
[EndTime "8:27:58 PST"]
[Termination "baki83 won by resignation"]

1. e4 c5 2. Nf3 d6 3. Bb5+ Nd7 4.
O-O Nf6 5. Re1 g6 6. c3 Bg7 7. d4 e6 8. Bf4 Qb6 9. Na3 O-O 10. dxc5 dxc5 11. Bd6 Rd8 12. e5 Nd5 13. c4 Nc7 14.
Be7 Re8 15. Qd6 Qxd6 16. exd6 Na6 17. Re2 Bf8 18. Bxf8 Kxf8 19. Rd1 Nb4 20. b3 a6 21. Ba4 Rd8 22. Ng5 Nb6 23. Nxh7+ Kg7 24. Ng5 Nxa4 25. bxa4 Bd7 26. a5 Ba4 27. Rdd2 Nc6 28. Nf3 Nxa5 29.
h4 Nc6 30. Nb1 Rd7 31. Nc3 b5 32. Nxa4 bxa4 33. Ne5 Nxe5 34. Rxe5 Rad8 35. Rxc5 Rxd6 36. Rxd6 Rxd6 37. Ra5 Rd1+ 38. Kh2 Rd4 39. Rxa4 Rxh4+ 40. Kg3 Rd4 41. Kf3 Rd3+ 42. Ke2 Rc3 43. Kd2 1-0

[Event "Early-Titled-Tuesday-Blitz-February-27-2024"]
[Site "Chess.com"]
[Date "2024.02.27"]
[Round "3"]
[White "SirStrateg"]
[Black "GilbertoHernandezAmura"]
[Result "1-0"]
[WhiteElo "2664"]
[BlackElo "2466"]
[TimeControl "180+1"]
[EndTime "8:27:58 PST"]
[Termination "SirStrateg won by resignation"]

1. d4 c6 2. Nf3 Nf6 3. Bf4 g6 4. e3 Bg7 5. h3 d5 6. Nbd2 O-O 7. Be2 Re8 8. O-O Nbd7 9. c4 a5 10. Rc1 e6 11. Ne5 Ne4 12. Nxe4 dxe4 13. Qc2 f5 14. Rfd1 g5 15. Bh2 Qf6 16. a3 a4 17. c5 Nxe5 18. dxe5 Qg6 19. Rd4 Rf8 20. Rcd1 Ra5 21. Rd8 Ra8 22. R1d4 h5 23. Bc4 Kh7 24. Qd1 Rxd8 25.
Rxd8 Qf7 26. Qd6 f4 27. exf4 gxf4 28. Kf1 e3 29. Bd3+ Kh6 30. Ke2 exf2 31. Kxf2 h4 32.
Qd4 Qh5 33. Bxf4+ Qg5 34. Bxg5+ Kxg5 35. Qg4+ 1-0

[Event "Early-Titled-Tuesday-Blitz-February-27-2024"]
[Site "Chess.com"]
[Date "2024.02.27"]
[Round "3"]
[White "NovakCabarkapa"]
[Black "ValeriyGrinev"]
[Result "1-0"]
[WhiteElo "2824"]
[BlackElo "2570"]
[TimeControl "180+1"]
[EndTime "8:27:59 PST"]
[Termination "NovakCabarkapa won by checkmate"]

1. d4 d5 2. Nc3 Nf6 3. Bf4 c5 4. e3 cxd4 5. exd4 a6 6. Nf3 Nc6 7. Ne5 e6 8. g3 Nxe5 9. dxe5 Nd7 10.
Bg2 g5 11. Be3 Nxe5 12. Bd4 Bg7 13. O-O O-O 14. f4 gxf4 15. gxf4 Nc6 16. Bxg7 Kxg7 17. f5 Qh4 18. Kh1 Kh8 19. Rf3 Ne5 20. Rh3 Qg4 21.
Qd2 Rg8 22. Rg3 Qxf5 23. Rf1 Qh5 24. Rh3 Qg5 25. Qe2 f6 26. Rh5 Qg4 27. Rxe5 fxe5 28. Qxe5+ Qg7 29. Qe2 Bd7 30. Rf3 Raf8 31. Rg3 Qf6 32.
Rf3 Qd4 33. Rd3 Qg4 34. Qe5+ Qg7 35. Qe2 Bb5 36. Nxb5 axb5 37. c3 Rf6 38. Rg3 Rg6 39. Rxg6 Qxg6 40. h3 Qf5 41. Qe3 Rf8 42. Qd4+ Qf6 43.
Qc5 Qe5 44. Qxf8# 1-0

[Event "Early-Titled-Tuesday-Blitz-February-27-2024"]
[Site "Chess.com"]
[Date "2024.02.27"]
[Round "3"]
[White "Mikhail_Golubev"]
[Black "SARGISMV"]
[Result "1/2-1/2"]
[WhiteElo "2612"]
[BlackElo "2451"]
[TimeControl "180+1"]
[EndTime "8:27:59 PST"]
[Termination "Game drawn by repetition"]

1. e4 e6 2. d4 d5 3. Nc3 Bb4 4. e5 c5 5. a3 Bxc3+ 6. bxc3 Ne7 7. a4 Qc7 8. Nf3 h6 9. a5 Nbc6 10. a6 bxa6 11. Bd3 cxd4 12. cxd4 Nb4 13. O-O Bd7 14.
Qd2 Nxd3 15. cxd3 Bb5 16. Ba3 O-O 17. g4 Rfc8 18. Bd6 Qd8 19. h4 Ng6 20. h5 Nh4 21.
Nh2 Qg5 22. f4 Qd8 23. Kf2 Rc6 24. Kg3 Rac8 25. Rfc1 Rxc1 26. Rxc1 Rxc1 27. Qxc1 Bxd3 28. Qc5 g5 29. Be7 Qb8 30. fxg5 Qb2 31. gxh6 Qg2+ 32. Kxh4 Qxh2+ 33. Kg5 Qd2+ 34. Kh4 Qh2+ 35. Kg5 Qd2+ 36.
Kh4 Qh2+ 1/2-1/2

[Event "Early-Titled-Tuesday-Blitz-February-27-2024"]
[Site "Chess.com"]
[Date "2024.02.27"]
[Round "3"]
[White "GP9isback23"]
[Black "SchmakAttack"]
[Result "1-0"]
[WhiteElo "2595"]
[BlackElo "2818"]
[TimeControl "180+1"]
[EndTime "8:28:00 PST"]
[Termination "GP9isback23 won by resignation"]

1. d4 Nf6 2. Nf3 d5 3. c4 c6 4.
e3 e6 5. Bd3 Nbd7 6. b3 b6 7.
O-O Bb7 8. Bb2 Be7 9. Nbd2 c5 10.
Qe2 O-O 11. Rfd1 Rc8 12. Rac1 Qc7 13. Ne5 Rfd8 14. f4 dxc4 15. bxc4 cxd4 16. exd4 a6 17.
Ndf3 Bxf3 18. Qxf3 Nb8 19. Bb1 Nc6 20. Qe3 Na5 21.
Bd3 Qb7 22. Re1 b5 23. c5 Nc6 24. Nxf7 Kxf7 25. Qxe6+ Kf8 26. d5 Rxd5 27. Bxf6 Rxd3 28. Qf5 Bxf6 29. Qxd3 Rd8 30. Qxh7 Qd7 31. Qh8+ Kf7 32. Qh5+ Kg8 33. Rcd1 Nd4 34. h3 Qc6 35. Kh2 Rd5 36. Re8+ Qxe8 37. Qxe8+ Kh7 38. Qe4+ 1-0

[Event "Early-Titled-Tuesday-Blitz-February-27-2024"]
[Site "Chess.com"]
[Date "2024.02.27"]
[Round "3"]
[White "Matols"]
[Black "GMG"]
[Result "1-0"]
[WhiteElo "2398"]
[BlackElo "2680"]
[TimeControl "180+1"]
[EndTime "8:28:00 PST"]
[Termination "Matols won by resignation"]

1. d4 f5 2. Nf3 Nf6 3. g3 e6 4. Bg2 d5 5. O-O Bd6 6. c4 O-O 7. b3 b6 8. Ba3 Ne4 9. Bxd6 Qxd6 10. Nbd2 Nd7 11. Qc2 Bb7 12. e3 Rac8 13. cxd5 exd5 14. Rfd1 Rfd8 15. Rac1 h6 16. Qb2 c5 17. dxc5 bxc5 18. Nc4 Qe6 19. Nce5 Ndf6 20. Rc2 Kh7 21. Nd3 g5 22. h4 Ba6 23. hxg5 hxg5 24. Nxc5 Rxc5 25. Rxc5 Kg6 26. Rc2 Rd6 27. Nd4 Qe7 28. Bh3 g4 29.
Bg2 Qh7 30. Ne2 Qe7 31. Nf4+ Kg5 32. Qd4 Bb7 33. Rdc1 Rd7 34. Bf1 a6 35. b4 Qe8 36. b5 Rh7 37. bxa6 Qh8 38. Bg2 Bxa6 39. Rc7 Rxc7 40. Rxc7 Qb8 41. Ne6+ Kg6 42. Rc1 Qd6 43.
Nf4+ Kf7 44. Qa7+ 1-0

[Event "Early-Titled-Tuesday-Blitz-February-27-2024"]
[Site "Chess.com"]
[Date "2024.02.27"]
[Round "3"]
[White "GrotBchess"]
[Black "BillCoe"]
[Result "1-0"]
[WhiteElo "2377"]
[BlackElo "2091"]
[TimeControl "180+1"]
[EndTime "8:28:00 PST"]
[Termination "GrotBchess won by checkmate"]

1. d4 d5 2. c4 e6 3. Nf3 Be7 4. g3 Nf6 5. Bg2 O-O 6. O-O c6 7. Qc2 b6 8. b3 Bb7 9. Rd1 Nbd7 10. Bb2 Rc8 11. Nbd2 Re8 12. h4 h6 13. e4 dxe4 14.
Nxe4 Nxe4 15. Qxe4 Nf6 16. Qc2 Qc7 17. Re1 Bb4 18.
Re2 c5 19. a3 Ba5 20. dxc5 bxc5 21. Bxf6 gxf6 22. Qb2 Qe7 23. b4 Bb6 24. Qc3 Red8 25. Rae1 Rd7 26. Rd2 Rcd8 27. Rxd7 Rxd7 28. Nd2 Bxg2 29.
Kxg2 e5 30. Nf1 Rd4 31. Ne3 Qb7+ 32. Kg1 Qe4 33. Nd5 Qd3 34. Nxf6+ Kg7 35. Ne8+ Kf8 36. Qxd3 Rxd3 37. Rxe5 Rxa3 38. bxc5 Bd8 39. c6 Ra1+ 40. Kg2 Rc1 41. c7 Bxc7 42. Nxc7 Rxc4 43. Nd5 a5 44. Ne3 Ra4 45. Rb5 Ra2 46. Rb8+ Kg7 47. Ra8 a4 48. Ra6 Ra1 49. Nf5+ Kg8 50. Nxh6+ Kh7 51.
Nf5 a3 52. Ne3 a2 53. h5 Kg7 54. g4 Kh7 55. g5 Kg7 56. Nf5+ Kh7 57. g6+ fxg6 58.
hxg6+ Kg8 59. Ra8# 1-0

[Event "Early-Titled-Tuesday-Blitz-February-27-2024"]
[Site "Chess.com"]
[Date "2024.02.27"]
[Round "3"]
[White "jk13"]
[Black "MetiForce"]
[Result "1-0"]
[WhiteElo "2701"]
[BlackElo "2889"]
[TimeControl "180+1"]
[EndTime "8:28:01 PST"]
[Termination "jk13 won on time"]

1. e4 c5 2. c3 Nf6 3. e5 Nd5 4. Bc4 e6 5. Nf3 d6 6. d4 cxd4 7. cxd4 Nc6 8. Qe2 dxe5 9. dxe5 Bb4+ 10. Nbd2 O-O 11. O-O b6 12. Qe4 Nce7 13. a3 Bxd2 14. Bxd2 Bb7 15. Qg4 Nf5 16. Rfe1 Rc8 17. Bg5 Qc7 18. Bd3 h6 19. Bd2 Nde7 20. Rad1 Rfd8 21. Bc3 Rd7 22. Bb5 Rxd1 23. Rxd1 Rd8 24. Re1 a6 25. Bf1 Ng6 26. g3 b5 27. h4 Nge7 28. Bg2 Nd5 29. Bd2 Rd7 30. Rc1 Qd8 31. h5 Nde7 32. Bb4 Kh8 33. Kh2 Nc6 34. Bc3 Nce7 35. Re1 Kg8 36. Bb4 Rd3 37. Re2 1-0

[Event "Early-Titled-Tuesday-Blitz-February-27-2024"]
[Site "Chess.com"]
[Date "2024.02.27"]
[Round "3"]
[White "djano"]
[Black "MasterKroket"]
[Result "0-1"]
[WhiteElo "2618"]
[BlackElo "2463"]
[TimeControl "180+1"]
[EndTime "8:28:01 PST"]
[Termination "MasterKroket won by resignation"]

1. e4 e5 2. Nf3 Nc6 3. d4 exd4 4.
Bc4 Nf6 5. Ng5 d5 6. exd5 Ne5 7. Qxd4 Nxc4 8. Qxc4 Qxd5 9. Qe2+ Be7 10. O-O h6 11.
Re1 Qd8 12. Nf3 Bg4 13. Qb5+ Nd7 14. Qxb7 O-O 15. Qe4 Bxf3 16. Qxe7 Qxe7 17. Rxe7 Rfe8 18. Rxe8+ Rxe8 19. gxf3 Re1+ 20. Kg2 Rxc1 21. f4 Nb6 22. Kf3 f5 23. Ke2 Rxc2+ 24. Kd3 Rc1 25. Kd2 Rf1 26. b3 Nd5 27. a3 Nxf4 28. Kc2 Nd5 29. b4 Kf7 30. Kb2 Ke6 31. f4 Rxf4 32. Nd2 Rf2 33. Re1+ Kf6 34. Kc1 Rxh2 35. Re8 g5 36. Nf3 Rf2 37.
Nd4 g4 38. Re6+ Kg5 39. Re5 Nc3 40. Re7 g3 41. Rg7+ Kh4 42. b5 Ne2+ 43. Kd2 Nxd4+ 44. Ke3 Ne6 45. Rg6 Ng5 46. Rxh6+ Kg4 47. Rh8 Ra2 48. a4 g2 49. Kd4 g1=Q+ 50. Ke5 0-1

[Event "Early-Titled-Tuesday-Blitz-February-27-2024"]
[Site "Chess.com"]
[Date "2024.02.27"]
[Round "3"]
[White "MaxLeto"]
[Black "SuperBlitz2013"]
[Result "0-1"]
[WhiteElo "2534"]
[BlackElo "2238"]
[TimeControl "180+1"]
[EndTime "8:28:01 PST"]
[Termination "SuperBlitz2013 won on time"]

1. a3 e5 2. b3 d5 3. Bb2 Bd6 4. h3 Nf6 5. g3 O-O 6. Bg2 c5 7. d3 Nc6 8. e3 Be6 9. Nd2 Re8 10.
Ne2 Qd7 11. c3 Rad8 12. f3 h6 13. Qc2 b5 14. Rd1 Qe7 15. Kf2 c4 16. dxc4 bxc4 17. b4 Qc7 18. g4 Rd7 19. Nf1 Red8 20. Nfg3 d4 21. cxd4 exd4 22. exd4 Bxg3+ 23. Nxg3 Nxd4 24. Bxd4 Rxd4 25. Rxd4 Rxd4 26. Rd1 Rxd1 27. Qxd1 c3 28. Ne2 c2 29. Qc1 Bb3 30. Nd4 Qc4 31. Ne2 Qd3 32.
f4 Bc4 33. Bf3 Nd5 34. f5 Qd1 35. Qb2 Bxe2 0-1

[Event "Early-Titled-Tuesday-Blitz-February-27-2024"]
[Site "Chess.com"]
[Date "2024.02.27"]
[Round "3"]
[White "Quattroporte300"]
[Black "Maikrosoft63"]
[Result "0-1"]
[WhiteElo "2404"]
[BlackElo "2601"]
[TimeControl "180+1"]
[EndTime "8:28:03 PST"]
[Termination "Maikrosoft63 won by checkmate"]

1. e4 c5 2. Nf3 Nc6 3. c3 e6 4. d4 cxd4 5. cxd4 d5 6. e5 Nge7 7. Nc3 Nf5 8. Bb5 Qb6 9. O-O Be7 10. b3 O-O 11. Bxc6 bxc6 12. Bb2 Ba6 13. Re1 c5 14.
Na4 Qb5 15. dxc5 Bxc5 16. Nxc5 Qxc5 17. Rc1 Qb6 18. Qd2 Rac8 19. Ba3 Rfe8 20. Qb4 Qxb4 21. Bxb4 Bd3 22. g4 Be4 23. gxf5 Bxf3 24. fxe6 fxe6 25. h3 Kf7 26. Kh2 Kg6 27. Kg3 Be4 28. f4 Kf5 29. Rc5 Rxc5 30. Bxc5 Rc8 31. b4 a6 32. a3 h6 33. h4 g5 34. hxg5 hxg5 35. fxg5 Kxe5 36.
Kg4 Rh8 37. g6 Rh2 38. Kg5 Rg2+ 39. Kh5 Kf6 40. Bd4+ e5 41. Rf1+ Bf5 42. Bc5 Rh2# 0-1

[Event "Early-Titled-Tuesday-Blitz-February-27-2024"]
[Site "Chess.com"]
[Date "2024.02.27"]
[Round "3"]
[White "Chessmissile07"]
[Black "Hananmo"]
[Result "1-0"]
[WhiteElo "2892"]
[BlackElo "2520"]
[TimeControl "180+1"]
[EndTime "8:28:04 PST"]
[Termination "Chessmissile07 won by resignation"]

1. a3 d5 2. d4 Nf6 3. Nf3 Bf5 4. e3 e6 5. Bd3 Bg6 6. O-O Bd6 7. Ne5 Bxe5 8.
dxe5 Nfd7 9. f4 c5 10. Nc3 a6 11.
f5 exf5 12. Nxd5 Nxe5 13. Bxf5 O-O 14. e4 Nbc6 15. Be3 b6 16. Qe2 Nd4 17. Bxd4 cxd4 18.
Rad1 Nc6 19. Qc4 Bxf5 20. Rxf5 Rc8 21. Qxa6 Ne7 22. Nxe7+ Qxe7 23. Qxb6 Qxe4 24. Rf2 Rfd8 25. c3 Rb8 26. Rxd4 Qe1+ 27. Rf1 Qe3+ 28. Kh1 Re8 29. Qc7 Qe6 30. Rd7 Rbc8 31. Qd6 Qe2 32. Qd1 Qe6 33. h3 Rf8 34. Qd5 Qe2 35. Rdxf7 1-0

[Event "Early-Titled-Tuesday-Blitz-February-27-2024"]
[Site "Chess.com"]
[Date "2024.02.27"]
[Round "3"]
[White "Magic-Nelwyn"]
[Black "HanSchut"]
[Result "1-0"]
[WhiteElo "2494"]
[BlackElo "2301"]
[TimeControl "180+1"]
[EndTime "8:28:04 PST"]
[Termination "Magic-Nelwyn won by resignation"]

1. e4 c5 2. c3 g6 3. d4 cxd4 4. cxd4 d5 5. e5 Nc6 6. h3 Nh6 7. g4 Bg7 8. Nc3 O-O 9. Be3 f6 10. f4 fxe5 11. fxe5 e6 12. Nf3 Bd7 13. Be2 Nf7 14. O-O Rc8 15. Rc1 a6 16. Na4 b5 17.
Nc5 Ra8 18. Qd2 Qe7 19. Kg2 Rfc8 20. a3 Ncxe5 21. Nxe5 Nxe5 22. dxe5 Bxe5 23. Nxd7 Qxd7 24. Rxc8+ Rxc8 25. Rc1 Rxc1 26. Qxc1 d4 27. Bf4 Qd6 28. Qc8+ Kg7 29. Qb7+ Kf6 30. Bxe5+ Qxe5 31. Bd3 Kg5 32. Qf3 Qd6 33. Qg3 e5 34. h4+ Kf6 35. Qf3+ Kg7 36. g5 Qe6 37. Be4 Qa2 38. Qf6+ Kg8 39. Qd8+ Kg7 40.
Qd7+ Kg8 41. Bd5+ 1-0

[Event "Early-Titled-Tuesday-Blitz-February-27-2024"]
[Site "Chess.com"]
[Date "2024.02.27"]
[Round "3"]
[White "Kezin_Roman"]
[Black "Vesapesa"]
[Result "1-0"]
[WhiteElo "2786"]
[BlackElo "2241"]
[TimeControl "180+1"]
[EndTime "8:28:05 PST"]
[Termination "Kezin_Roman won on time"]

1. b3 Nf6 2. Bb2 d5 3. e3 g6 4.
c4 e6 5. Nf3 Bg7 6. Be2 O-O 7.
O-O b6 8. Nc3 Bb7 9. Rc1 c5 10.
cxd5 exd5 11. d4 Nbd7 12. dxc5 Nxc5 13. Rc2 Nfe4 14. Qa1 Rc8 15. Rfc1 Nxc3 16. Bxc3 Bxc3 17. Rxc3 Qe7 18. Nd4 Ne4 19. Rxc8 Rxc8 20. Rxc8+ Bxc8 21. Bf3 Qc5 22. Bxe4 dxe4 23. h3 Ba6 24. Qb2 Bd3 25. b4 Qc4 26. b5 a6 27. bxa6 Qxa6 28. Nc6 Qc4 29. Qxb6 Qxa2 30. Qd8+ Kg7 31. Qd4+ f6 32. Nb4 Qb1+ 33. Kh2 Qb3 34. Qd6 Qa3 35. Qe7+ Kg8 36. Qe8+ Kg7 37. Qd7+ Kg8 38. Qd8+ Kg7 39. Nd5 Qf8 40.
Qxf8+ Kxf8 41. Nxf6 Kg7 42. Nd7 Kf7 43. g4 g5 44. Kg3 h6 45. h4 Ke6 46. Nc5+ Kd5 47. Nb3 Bc2 48. Nd4 1-0

[Event "Early-Titled-Tuesday-Blitz-February-27-2024"]
[Site "Chess.com"]
[Date "2024.02.27"]
[Round "3"]
[White "lilleper1"]
[Black "HajiyevKanan"]
[Result "1-0"]
[WhiteElo "2937"]
[BlackElo "2524"]
[TimeControl "180+1"]
[EndTime "8:28:05 PST"]
[Termination "lilleper1 won on time"]

1. e4 c6 2. d4 d5 3. e5 a6 4.
Bd3 c5 5. dxc5 e6 6. a3 Bxc5 7. Qg4 Ne7 8. Nf3 h5 9. Qg3 Nbc6 10. O-O Qc7 11. Nc3 Bd7 12. Bd2 Ba7 13. Rfe1 O-O-O 14. b4 h4 15. Nxh4 Nxe5 16. Rxe5 Rxh4 17. Qxh4 Qxe5 18. Qxe7 Rh8 19. h3 Bb8 20. Qc5+ Bc6 21. f4 Qf6 22. Rf1 Kd7 23. Ne2 Bc7 24. Be3 Qb2 25. Qc3 Qa2 26. Qxg7 Re8 27. Qxf7+ Re7 28. Qf6 Qxa3 29. Bc5 Re8 30. Nd4 Qb2 31. Qf7+ Kc8 32. Nxc6 Rh8 33. Ne7+ Kb8 34. Qxe6 Qc3 35. Nxd5 Qd2 36.
Nxc7 Rg8 37. Qxg8+ 1-0

[Event "Early-Titled-Tuesday-Blitz-February-27-2024"]
[Site "Chess.com"]
[Date "2024.02.27"]
[Round "3"]
[White "Schattman"]
[Black "Austen48"]
[Result "1/2-1/2"]
[WhiteElo "2430"]
[BlackElo "2251"]
[TimeControl "180+1"]
[EndTime "8:28:05 PST"]
[Termination "Game drawn by repetition"]

1. f4 d5 2. Nf3 Nf6 3. g3 c5 4. Bg2 Nc6 5. Ne5 g6 6. Nxc6 bxc6 7. O-O Bg7 8. c4 O-O 9. d3 Rb8 10. Nc3 h5 11. h3 Qc7 12. Rb1 Rd8 13. Qc2 Rb7 14.
b3 e5 15. fxe5 Qxe5 16. Bf4 Qe6 17. Na4 Bf8 18. Bg5 Be7 19. Bf4 Re8 20. Rbe1 dxc4 21.
dxc4 Bf8 22. e4 Nd7 23. Kh2 Ne5 24. Nb2 Rd7 25. Rd1 Red8 26. Rxd7 Rxd7 27. Rd1 Bg7 28.
Nd3 Nxd3 29. Rxd3 Rxd3 30. Qxd3 Kh7 31. Qd6 Bd4 32. Qxe6 Bxe6 33. Bb8 a6 34. Bf3 Bc8 35. Bd6 Kg7 36. h4 f6 37. Kg2 Kf7 38. Bc7 Ke7 39.
Ba5 Be6 40. Bd2 Kd6 41. Bf4+ Kd7 42. Bd2 Kd6 43. Bf4+ Kd7 44. Bd2 Kd6 1/2-1/2

[Event "Early-Titled-Tuesday-Blitz-February-27-2024"]
[Site "Chess.com"]
[Date "2024.02.27"]
[Round "3"]
[White "GodzillaChessYoutube"]
[Black "Josetricks"]
[Result "1-0"]
[WhiteElo "2674"]
[BlackElo "2479"]
[TimeControl "180+1"]
[EndTime "8:28:07 PST"]
[Termination "GodzillaChessYoutube won by checkmate"]

1. d4 g6 2. Bf4 Bg7 3. Nc3 d6 4.
e4 Nd7 5. Nf3 c6 6. Qd2 b5 7. a3 a5 8. h4 h5 9. Ng5 Bb7 10. f3 b4 11. Nd1 c5 12. Bc4 Nh6 13.
Bxf7+ Nxf7 14. Ne6 Qb6 15. Nxg7+ Kf8 16. Ne6+ Ke8 17.
c3 bxa3 18. bxa3 Nd8 19. Ng5 Nc6 20. Ne3 Nf6 21. Ne6 cxd4 22. cxd4 Bc8 23. Nc4 Qa7 24. Ng5 Qxd4 25. Qxd4 Nxd4 26. Kf2 Ba6 27. Nb6 Rb8 28. Rab1 e5 29. Be3 Ke7 30. Rhc1 Rb7 31.
Nd5+ Nxd5 32. exd5 Rxb1 33. Rxb1 Rc8 34. Rb6 Rc2+ 35.
Kg1 Bc4 36. Rb7+ Kf6 37. Ne4+ Kf5 38. Rf7# 1-0

[Event "Early-Titled-Tuesday-Blitz-February-27-2024"]
[Site "Chess.com"]
[Date "2024.02.27"]
[Round "3"]
[White "Yushko_Olga"]
[Black "Kotofeyca"]
[Result "0-1"]
[WhiteElo "2207"]
[BlackElo "2425"]
[TimeControl "180+1"]
[EndTime "8:28:07 PST"]
[Termination "Kotofeyca won by resignation"]

1. d4 d5 2. c4 c6 3. cxd5 cxd5 4.
Nc3 Nf6 5. Nf3 Nc6 6. Bf4 a6 7.
e3 Bg4 8. Be2 e6 9. O-O Bd6 10. Bg5 O-O 11. a3 b5 12. Rc1 Na5 13. Ne5 Bxe2 14. Qxe2 Nc4 15. e4 Nxe5 16. dxe5 Bxe5 17.
exd5 Bxc3 18. Rxc3 Qxd5 19. Bxf6 gxf6 20. Rh3 Kh8 21.
Rh5 Qc4 22. Qf3 Qd4 23. Rd1 Qxb2 24. Qe4 f5 25. Qh4 Qg7 26. Rd3 Rac8 27. h3 Rc4 28. f4 Rg8 29. Rg3 Qa1+ 30. Kh2 Rxg3 31. Rxh7+ Kg8 32.
Kxg3 Qe1+ 33. Kh2 Qxh4 34. Rxh4 Ra4 35. g4 Rxf4 36. Kg3 Ra4 37. Rh5 fxg4 38. hxg4 Rxa3+ 39. Kh4 b4 40. Rg5+ Kf8 41. Rc5 b3 42. Rc8+ Kg7 43. Rb8 a5 44. Kg5 a4 45. Rb7 Ra2 46. Kf4 b2 47. g5 a3 48. Ke5 Ra1 49. Kd6 b1=Q 50. Rc7 Qd3+ 51. Ke7 a2 52. Ke8 Rf1 53. g6 Kxg6 54.
Rxf7 Qb5+ 55. Rd7 Rf8+ 56. Ke7 Qxd7+ 57. Kxd7 a1=Q 0-1

[Event "Early-Titled-Tuesday-Blitz-February-27-2024"]
[Site "Chess.com"]
[Date "2024.02.27"]
[Round "3"]
[White "KingCrusher275"]
[Black "MyDream003"]
[Result "0-1"]
[WhiteElo "2480"]
[BlackElo "2705"]
[TimeControl "180+1"]
[EndTime "8:28:08 PST"]
[Termination "MyDream003 won by resignation"]

1. d4 Nf6 2. c4 c5 3. d5 e6 4. Nc3 exd5 5. cxd5 d6 6. e4 g6 7. f4 Bg7 8. Bb5+ Nfd7 9. a4 O-O 10.
Nf3 Na6 11. O-O Nb4 12. Re1 a6 13. Bf1 Nf6 14. h3 Re8 15. g4 h6 16. Bg2 Rb8 17. a5 b5 18. axb6 Rxb6 19. Ra3 c4 20. Nd4 Nd3 21. Nc6 Rxc6 22. dxc6 Qb6+ 23. Kh2 Nxe1 24.
Qxe1 Qxc6 25. Qd1 Qc5 26. Qa4 Bb7 27. Qa5 Qf2 28. Nd1 Qc2 29. Qd2 Qxd2 30. Bxd2 Nxe4 31. Bxe4 Rxe4 32. Bc3 Rxf4 33. Bxg7 Kxg7 34. Ne3 Rf2+ 35. Kg1 Rxb2 36. Nxc4 Rb1+ 37. Kf2 d5 38. Nd6 Kf6 39. Nxb7 Rxb7 40. Rxa6+ Ke5 41. Ke3 Rb3+ 0-1